 Dungeon Crawl Stone Soup version 0.30.1-11-g7821555f0a (webtiles) character file.

Game seed: 11827308765603387408

53 monsoonserge the Conjurer (level 3, -4/21 HPs)
             Began as a Tengu Reaver on Jan 5, 2024.
             Slain by a gnoll
             ... wielding a +0 halberd
              (12 damage)
             ... on level 3 of the Dungeon.
             The game lasted 00:04:28 (1524 turns).

monsoonserge the Conjurer (Tengu Reaver)            Turns: 1524, Time: 00:04:28

Health: -4/21      AC:  4    Str: 11    XL:     3   Next: 87%
Magic:  7/7        EV: 11    Int: 19    God:
Gold:   114        SH:  3    Dex: 11    Spells: 5/6 levels left

rFire   . . .        a - +0 hand axe
rCold   . . .        n - +0 buckler
rNeg    . . .        b - +0 leather armour
rPois   .            (helmet restricted)
rElec   .            (no cloak)
rCorr   .            (no gloves)
SInv    .            (boots unavailable)
Will    .....        (no amulet)
Stlth   +            (no ring)
HPRegen 0.23/turn    (no ring)
MPRegen 0.10/turn

%: no passive effects
@: brilliant
A: beak, talons 3, iridescent scales 1, clever 1, deformed body, shaggy fur 1
a: no special abilities


You were on level 3 of the Dungeon.
You visited 1 branch of the dungeon, and saw 3 of its levels.

You collected 114 gold pieces.

Inventory:

Hand Weapons
 a - a +0 hand axe (weapon)
Armour
 b - a +0 leather armour (worn)
 g - a +0 kite shield
 n - a +0 buckler (worn)
 p - a +0 plate armour
Scrolls
 c - 2 scrolls of blinking {unknown}
 d - a scroll of vulnerability {unknown}
 e - a scroll of noise {unknown}
 f - 2 scrolls of identify {unknown}
 k - a scroll of summoning {unknown}
 l - a scroll of immolation {unknown}
 m - a scroll of fear {unknown}
Potions
 h - a potion of invisibility {unknown}
 i - a potion of brilliance
 j - a potion of mutation
 o - a potion of lignification {unknown}


   Skills:
 + Level 2.1 Fighting
 + Level 3.9 Axes
 * Level 1.2 Armour
 + Level 2.4 Dodging
 + Level 0.7 Stealth
 * Level 0.4 Shields
 - Level 2.0 Spellcasting
 + Level 4.4 Conjurations
 * Level 0.9 Necromancy


You had 5 spell levels left.
You knew the following spells:

 Your Spells              Type           Power      Damage    Failure   Level
a - Kiss of Death         Conj/Necr      72%        2d10      11%         1

Your spell library contained the following spells:

 Spells                   Type           Power      Damage    Failure   Level
 Momentum Strike          Conj/Tloc      30%        3d8       21%         2
 Hailstorm                Conj/Ice       15%        3d5       36%         3
 Poisonous Vapours        Pois/Air       4%         N/A       43%         2
 Mephitic Cloud           Conj/Pois/Air  11%        N/A       47%         3
 Freezing Cloud           Conj/Ice/Air   5%         6-21      99%         5


Dungeon Overview and Level Annotations

Branches:
Dungeon (3/15)

Altars:
Wu Jian

Shops:
D:3 :


Innate Abilities, Weirdness & Mutations

You have a beak for a mouth.
You have claws for feet.
You are partially covered in iridescent scales. (AC +2)
Your mind is acute. (Int +4, Str/Dex -1)
Armour fits poorly on your strangely shaped body.
You are covered in fur. (AC +1)


Message History

You hit the orc.
You kill the orc!
The gnoll hits you with a +0 flail. The gnoll misses you.
The gnoll hits you with a +0 flail.
There is an open door here.
You barely miss the gnoll. Your kick misses the gnoll.
The gnoll is moderately wounded.
The gnoll barely misses you.
You barely miss the gnoll. You peck the gnoll, but do no damage.
The gnoll is moderately wounded.
You hit the gnoll.
The gnoll is moderately wounded.
You closely miss the gnoll. The gnoll barely misses you.
The gnoll closely misses you.
Okay, then.
It was a potion of brilliance.
You feel clever all of a sudden. The gnoll barely misses you.
The gnoll closely misses you.
It was a potion of mutation.
You feel extremely strange.
Your body twists and deforms.
You feel clever.
Iridescent scales grow over part of your body.
Fur sprouts all over your body. You block the gnoll's attack.
The gnoll hits you but does no damage.
Unknown command.
You hit the gnoll.
The gnoll is lightly wounded.
You hit the gnoll but do no damage. The gnoll barely misses you. x2
Unknown command.
You closely miss the gnoll. You claw the gnoll!
The gnoll is severely wounded.
You barely miss the gnoll. The gnoll hits you with a +0 flail.
The gnoll barely misses you. The gnoll misses you. The gnoll barely misses you.
The gnoll hits you with a +0 whip.
Unknown command.
You hit the gnoll.
You kill the gnoll!
You hit the gnoll but do no damage. The gnoll barely misses you.
The gnoll hits you from afar with a +0 halberd!
Ouch! That really hurt!
You die...

####.
#.#####)##'#####
.....#####.# #.##.#
##.......#.# #.##.#
........<#.# #.##.#
.........#.#####.##.#
.........+.......##+#
..>......#.#######.
...................
.......g@..........
..#
..###+#)##########.
... . #g....... ...
#...##### ...
......)......# ...
#######.#.#..# ...
#.###..# ... #.. .#
### #.. .


You could see 2 gnolls.

Vanquished Creatures
  A gnoll (D:3)
  An adder (D:2)
  An orc (D:3)
  4 bats
  2 endoplasms
  A giant cockroach (D:1)
  5 goblins
  4 hobgoblins
  4 jackals (D:1)
  A quokka (D:1)
  7 ball pythons
  4 frilled lizards
  3 kobolds
  3 rats
41 creatures vanquished.

Notes
Turn   | Place    | Note
-------+----------+-------------------------------------------
     0 | D:1      | monsoonserge the Tengu Reaver began the quest for the Orb.
     0 | D:1      | Reached XP level 1. HP: 12/12 MP: 4/4
   165 | D:1      | Reached XP level 2. HP: 13/17 MP: 6/6
   704 | D:2      | Found an ornate altar of the Wu Jian Council.
   782 | D:2      | Reached XP level 3. HP: 21/21 MP: 7/7
  1067 | D:2      | Reached skill level 1 in Armour
  1256 | D:3      | Found Ypruf's Book Emporium.
  1521 | D:3      | Gained mutation: Armour fits poorly on your strangely
                  | shaped body. [potion of mutation]
  1521 | D:3      | Gained mutation: Your mind is acute. (Int +4, Str/Dex -1)
                  | [potion of mutation]
  1521 | D:3      | Gained mutation: You are partially covered in iridescent
                  | scales. (AC +2) [potion of mutation]
  1521 | D:3      | Gained mutation: You are covered in fur. (AC +1) [potion of
                  | mutation]
  1524 | D:3      | Slain by a gnoll

Illustrated notes

Levels and vault maps discovered:
D:1:      dpeg_arrival_tiny_j, layout_basic, minmay_strange_pillars,
          minmay_pentomino_x4
D:2:      layout_basic, basic_altar, amcnicky_mini_rare_corridor_liquid,
          dreamdust_mushroom_princess
D:3:      layout_basic, serial_shops, shop, serial_bayou_pond_c,
          minmay_misc_feat_nine_boxes, dreamdust_princess_corridor,
          minivault_25, palyth_stone_intersect, minmay_goblin_outpost

Skill      XL: |  1  2  3 |
---------------+----------+-----
Armour         | 1 |  1.2
Fighting       | |  2.1
Axes           | |  3.9
Dodging        | |  2.4
Stealth        | |  0.7
Shields        | |  0.4
Spellcasting   | |  2.0
Conjurations   | |  4.4
Necromancy     | |  0.9

Action                     || total
---------------------------++-------
  Melee: Hand axe          ||    92
         Kick              ||    20
         Peck              ||     8
    Use: Potion            ||     2
 Armour: Leather armour    ||    30
  Dodge: Dodged            ||    54
  Block: Kite shield       ||    27
         Buckler           ||     2
